AoeStats
← georgeclay56789

Golden Pit

509596109Analyzed
1v1 RM · 6d ago on Sep 27, 2026· 40m 43s· 2 players
Game mode
Random Map
Map size
Tiny (2 player)
Population
200
Speed
Normal
Resources
Standard
Victory
Conquest
Starting age
Dark Age
Ending age
Imperial Age
RankedLock teamsTeams togetherTeam positionsShared explorationLock speedFull tech treeHidden civsTurbo modeCheats
Victory
Defeat
🇬🇧 Franks · United Kingdom
902
+16
🇸🇰 Vikings · Slovakia
901
-16
Dobby´s Funsock
10:23 Loom
12:09 Feudal Age
14:06 Gold Mining
18:32 Castle Age
16:26 Horse Collar
16:33 Double-Bit Axe
18:53 Pikeman
22:26 Bow Saw
23:24 Heavy Plow
25:46 Stone Mining
26:54 Squires
28:29 Pikeman
30:57 Forging
32:39 Elite Skirmisher
34:05 Man-at-Arms
39:04 Chieftains
39:51 Ballistics
39:27 Murder Holes
39:44 Masonry
39:15 Treadmill Crane
georgeclay56789
7:37 Loom
11:57 Feudal Age
14:39 Wheelbarrow
21:23 Castle Age
20:01 Forging
19:53 Double-Bit Axe
22:04 Scale Barding Armor
22:19 Husbandry
23:29 Gold Mining
27:41 Iron Casting
28:41 Hand Cart
33:18 Imperial Age
32:44 Chain Barding Armor
32:26 Fletching
32:58 Chain Barding Armor
33:26 Cavalier
35:44 Bodkin Arrow
36:17 Bow Saw
36:45 Conscription
39:48 Ballistics
Connection lost

Rejoining the realm…

Still unreachable

The connection could not be restored.

Session expired

The server has moved on; the page needs a fresh start.